 Dungeon Crawl Stone Soup version 0.31-a0-232-gb1c03b2570 (webtiles) character file.

Game seed: 13418643664562024859

437 qw the Shooter (level 7, -2/41 HPs)
             Began as a Gargoyle Hexslinger on July 7, 2023.
             Slain by an iguana (4 damage)
             ... on level 4 of the Dungeon.
             The game lasted 00:01:14 (2740 turns).

qw the Shooter (Gargoyle Hexslinger)                Turns: 2740, Time: 00:01:15

Health: -2/41      AC: 15    Str: 12    XL:     7   Next: 1%
Magic:  8/8        EV: 10    Int: 13    God:
Gold:   128        SH:  0    Dex: 14    Spells: 7/8 levels left

rFire   . . .        Y - +2 shortbow (chaos)
rCold   . . .        (shield currently unavailable)
rNeg    + . .        j - +0 ring mail
rPois   inf          (no helmet)
rElec   +            (no cloak)
rCorr   .            (no gloves)
SInv    .            i - +0 pair of boots
Will    .....        (no amulet)
Stlth   +            g - +4 ring of protection
HPRegen 0.26/turn    (no ring)
MPRegen 0.11/turn

%: random rage (3%)
@: no status effects
A: sickness immunity, AC +4, negative energy resistance 1, electricity
resistance, torment resistance 1, petrification resistance, berserk 1
a: no special abilities


You were on level 4 of the Dungeon.
You visited 2 branches of the dungeon, and saw 5 of its levels.

You collected 177 gold pieces.
You spent 49 gold pieces at shops.


Innate Abilities, Weirdness & Mutations

You are immune to sickness and miasma.
Your stone body is resilient. (AC +4)
You are immune to poison.
You resist negative energy. (rN+)
You are resistant to electric shocks. (rElec)
You are resistant to unholy torment.
You are immune to petrification.
You sometimes lose your temper in combat.


   Skills:
 + Level 3.3 Fighting
 - Level 6.4 Ranged Weapons
 - Level 1.3 Armour
 - Level 1.5 Dodging
 - Level 1.0 Spellcasting
 - Level 2.6 Hexes


You had 7 spell levels left.
You knew the following spells:

 Your Spells              Type           Power      Damage    Failure   Level
a - Slow                  Hex            28%        N/A       21%         1

Your spell library contained the following spells:

 Spells                   Type           Power      Damage    Failure   Level
 Inner Flame              Hex/Fire       4%         N/A       71%         3
 Portal Projectile        Hex/Tloc       8%         N/A       71%         3
 Cause Fear               Hex            3%         N/A       90%         4

Inventory:

Hand Weapons
 Y - a +2 shortbow of chaos (weapon)
Armour
 i - a +0 pair of boots (worn)
 j - a +0 ring mail (worn)
Jewellery
 g - a +4 ring of protection (left hand)
Potions
 a - a potion of lignification {unknown}
 c - a potion of berserk rage {unknown}
 e - a potion of cancellation {unknown}
 f - a potion of curing {unknown}

Dungeon Overview and Level Annotations

Branches:
Dungeon (4/15)             Temple (1/1) D:4

Altars:
Ashenzari
Cheibriados
Dithmenos
Kikubaaqudgha
Ru
Sif Muna
Vehumet
Xom
Yredelemnul
Zin
The Shining One

Shops:
D:2 [


Message History

You shoot an arrow. The arrow barely misses the iguana.
The kobold shouts!
The iguana misses you. The kobold hits you but does no damage.
You shoot an arrow.
The arrow hits the iguana but does no damage.
The iguana bites you but does no damage.
The kobold hits you but does no damage.
You shoot an arrow. The arrow hits the iguana.
The arrow freezes the iguana.
The iguana is moderately wounded.
The iguana bites you but does no damage.
The kobold hits you but does no damage.
You shoot an arrow.
The arrow hits the iguana but does no damage.
The iguana goes berserk!
The iguana is moderately wounded.
The iguana bites you! The kobold hits you but does no damage.
The iguana misses you.
You shoot an arrow. The arrow hits the iguana.
The iguana seems to slow down.
The arrow freezes the iguana.
The iguana is heavily wounded.
The iguana barely misses you. The kobold hits you with a +0 dagger.
You shoot an arrow. The arrow barely misses the iguana.
The iguana bites you! The goblin barely misses you.
The kobold hits you but does no damage.
You shoot an arrow.
The arrow hits the iguana but does no damage.
The iguana is heavily wounded.
The iguana is no longer moving slowly.
The iguana bites you. The goblin barely misses you.
The kobold completely misses you. The iguana misses you.
You shoot an arrow. The arrow hits the iguana!
The arrow burns the iguana.
The iguana is almost dead.
The iguana bites you but does no damage.
The goblin barely misses you. The kobold hits you but does no damage.
You shoot an arrow. The arrow barely misses the iguana.
The iguana bites you. The goblin hits you but does no damage.
The kobold barely misses you. The iguana bites you.
You shoot an arrow. The arrow barely misses the iguana.
The iguana bites you.
You die...

#.###...#
#.# #..
#.....#)#
#.# ....
#..##..>#
#.# ....#
#..######
#.#
......###..#
#.#
..?........#
#.#
......####.#
......lK...#
.....Kg@...#
....#.###..#
. .. #..#
... #..# ###
#..# #:..
#.... ....


You could see an iguana (berserk), a goblin and 2 kobolds.

Vanquished Creatures
  A black bear (D:4)
  An orc priest (D:4)
  A jelly (D:4)
  Jessica (D:3)
  An orc wizard (D:3)
  Natasha (thrice) (D:3)
  A gnoll (D:1)
  9 adders
  An ufetubus (D:4)
  A worm (D:2)
  3 dart slugs
  An orc (D:3)
  5 ball pythons
  5 bats
  6 endoplasms
  5 giant cockroaches
  5 goblins
  6 hobgoblins
  2 jackals (D:1)
  2 quokkas (D:1)
  3 frilled lizards
  3 kobolds
  6 rats
72 creatures vanquished.

Notes
Turn   | Place    | Note
-------+----------+-------------------------------------------
     0 | D:1      | qw the Gargoyle Hexslinger began the quest for the Orb.
     0 | D:1      | Reached XP level 1. HP: 12/12 MP: 2/2
     0 | D:1      | 0 ||| qw: Version: 0.3-a-46-gb1f654a
     0 | D:1      | 0 ||| qw: Game counter: 2690
     0 | D:1      | 0 ||| qw: Melee chars always use a shield: true
     0 | D:1      | 0 ||| qw: God list: Okawaru
     0 | D:1      | 0 ||| qw: Allow faded altars: false
     0 | D:1      | 0 ||| qw: Do Orc after clearing Dungeon:15 true
     0 | D:1      | 0 ||| qw: Do second Lair branch before Depths: true
     0 | D:1      | 0 ||| qw: Lair rune preference: random
     0 | D:1      | 0 ||| qw: Goals: Normal
     0 | D:1      | 0 ||| PLANNING D:1-11
     3 | D:1      | Noticed an electric eel
     4 | D:1      | Noticed an electric eel
   285 | D:1      | Reached XP level 2. HP: 16/16 MP: 3/3
   339 | D:1      | Reached skill level 3 in Ranged Weapons
   385 | D:1      | Reached XP level 3. HP: 20/20 MP: 4/4
   842 | D:1      | 842 ||| UPGRADING to +0 leather armour.
   852 | D:1      | 852 ||| DROPPING +0 robe.
   853 | D:1      | 853 ||| UPGRADING to +4 ring of protection.
   854 | D:1      | 854 ||| READING scroll labelled CUDYLU XOZOKH.
   855 | D:1      | 855 ||| READING scroll labelled HAPPOUR SET.
   856 | D:1      | 856 ||| DROPPING scroll of poison.
  1035 | D:2      | Reached XP level 4. HP: 21/26 MP: 5/5
  1052 | D:2      | Found a snail-covered altar of Cheibriados.
  1105 | D:2      | Reached skill level 4 in Ranged Weapons
  1176 | D:2      | Found Yrphaixti's Armour Emporium.
  1184 | D:2      | 1184 ||| BUYING +0 pair of boots (49 gold).
  1184 | D:2      | Bought a +0 pair of boots for 49 gold pieces
  1184 | D:2      | 1184 ||| SHOPLISTING +0 ring mail (44 gold, have 17).
  1184 | D:2      | 1184 ||| SHOPLISTING +3 leather armour of fire resistance
                  | (264 gold, have 17).
  1184 | D:2      | 1184 ||| SHOPLISTING +9 ring mail "Gosac" {+Inv rPois Str+3
                  | Int-3} (739 gold, have 17).
  1344 | D:2      | 1344 ||| SWAPPING to +2 shortbow of flaming.
  1345 | D:2      | 1345 ||| DROPPING +2 sling.
  1548 | D:2      | 1548 ||| UPGRADING to +0 pair of boots.
  1553 | D:2      | 1553 ||| UPGRADING to +0 ring mail.
  1563 | D:2      | 1563 ||| DROPPING +0 leather armour.
  1564 | D:2      | 1564 ||| READING scroll labelled YSTASO JAIQOAF.
  1565 | D:2      | 1565 ||| READING scroll labelled MAEBEGUEMO.
  1647 | D:3      | Reached skill level 1 in Armour
  1647 | D:3      | Reached XP level 5. HP: 30/30 MP: 6/6
  1670 | D:3      | Noticed Jessica
  1674 | D:3      | Killed Jessica
  1677 | D:3      | Noticed Natasha
  1678 | D:3      | 1678 ||| FLEEEEING.
  1679 | D:3      | 1679 ||| FLEEEEING.
  1680 | D:3      | 1680 ||| FLEEEEING.
  1681 | D:3      | 1681 ||| FLEEEEING.
  1682 | D:3      | 1682 ||| FLEEEEING.
  1683 | D:3      | 1683 ||| FLEEEEING.
  1684 | D:3      | 1684 ||| Stepping ~*~*~tactically~*~*~ (outnumbered).
  1685 | D:3      | 1685 ||| Stepping ~*~*~tactically~*~*~ (outnumbered).
  1695 | D:3      | Killed Natasha
  1696 | D:3      | Reached skill level 5 in Ranged Weapons
  1822 | D:3      | Noticed Natasha
  1834 | D:3      | Killed Natasha
  1835 | D:3      | Reached skill level 3 in Fighting
  2063 | D:3      | 2063 ||| READING scroll labelled XUGEBU KULUSH.
  2064 | D:3      | 2064 ||| READING scroll labelled BACRAM QOTYASM.
  2065 | D:3      | 2065 ||| READING scroll labelled BEEVIF ZAIB.
  2065 | D:3      | Noticed Natasha
  2069 | D:3      | 2069 ||| READING scroll labelled XESIEH CUSEMA.
  2070 | D:3      | 2070 ||| DRINKING 3 grey potions.
  2071 | D:3      | 2071 ||| DRINKING 2 emerald potions.
  2071 | D:3      | Gained mutation: You are clumsy. (Dex -2) [potion of
                  | mutation]
  2071 | D:3      | Gained mutation: You occasionally lose the ability to read
                  | scrolls when taking damage. [potion of mutation]
  2072 | D:3      | 2072 ||| DRINKING potion of mutation.
  2072 | D:3      | Lost mutation: You are clumsy. (Dex -2) [potion of
                  | mutation]
  2072 | D:3      | Lost mutation: You occasionally lose the ability to read
                  | scrolls when taking damage. [potion of mutation]
  2072 | D:3      | Gained mutation: You sometimes lose your temper in combat.
                  | [potion of mutation]
  2073 | D:3      | 2073 ||| DROPPING 2 potions of magic.
  2089 | D:4      | Reached XP level 6. HP: 34/37 MP: 7/7
  2090 | D:4      | 2090 ||| STAIRDANCE
  2107 | D:3      | HP: 9/37 [Natasha/magic dart (2)]
  2111 | D:3      | Killed Natasha
  2114 | D:3      | HP: 6/37 [something (2)]
  2121 | D:3      | HP: 3/37 [orc wizard/+0 dagger (6)]
  2254 | D:4      | 2254 ||| STAIRDANCE
  2333 | D:4      | Noticed a black bear
  2346 | D:4      | Killed a black bear
  2347 | D:4      | Reached skill level 6 in Ranged Weapons
  2436 | D:4      | Found a staircase to the Ecumenical Temple.
  2437 | D:4      | 2437 ||| PLANNING TEMPLE
  2449 | Temple   | Entered the Ecumenical Temple
  2551 | Temple   | 2551 ||| PLANNING D:1-11
  2569 | D:4      | Reached XP level 7. HP: 41/41 MP: 8/8
  2737 | D:4      | HP: 7/41 [iguana (5)]
  2739 | D:4      | HP: 1/41 [iguana (3)]
  2740 | D:4      | Slain by an iguana

Levels and vault maps discovered:
D:1:      arrival_aquarium_b, layout_loops_corners,
          nicolae_twisty_statue_hallways
D:2:      layout_basic, basic_altar, serial_shops, shop
D:3:      layout_rooms, uniq_natasha, uniq_jessica
D:4:      layout_loops_ring, kennysheep_mini_moat, lightli_temple_of_fire,
          minmay_temple_entry_slanted, st_stairs_2
Temple:   hellmonk_temple_beads

Skill      XL: |  1  2  3  4  5  6 |
---------------+-------------------+-----
Ranged Weapons | 3 4 5 6 |  6.4
Fighting       | 2 3 |  3.3
Armour         | 1 |  1.3
Dodging        | |  1.5
Spellcasting   | |  1.0
Hexes          | |  2.6

Action                     |  1- 3 |  4- 6 |  7- 9 || total
---------------------------+-------+-------+-------++-------
   Fire: Sling             |   104 |    39 |       ||   143
         Shortbow          |       |   131 |    17 ||   148
    Use: Scroll            |     2 |     6 |       ||     8
         Potion            |       |     3 |       ||     3
 Armour: Robe              |     4 |       |       ||     4
         Leather armour    |    12 |     9 |       ||    21
         Ring mail         |       |    84 |    11 ||    95
  Dodge: Dodged            |    39 |    73 |     9 ||   121

Table legend:
 A = Non-vault XP
 B = Vault XP
 C = Vault XP percentage of total XP
 D = Non-vault monster count
 E = Vault monster count
 F = Vault count percentage of total count
                 A         B        C        D         E       F
            +---------+---------+-------+---------+---------+-------
      Total |     553 |      72 |  11.5 |      70 |       2 |   2.8
            +---------+---------+-------+---------+---------+-------
        D:1 |      47 |       0 |   0.0 |      21 |       0 |   0.0
        D:2 |      92 |       0 |   0.0 |      23 |       0 |   0.0
        D:3 |     180 |      72 |  28.6 |      17 |       2 |  10.5
        D:4 |     234 |       0 |   0.0 |       9 |       0 |   0.0
            +---------+---------+-------+---------+---------+-------
